 Dungeon Crawl Stone Soup version 0.30-a0-728-gc68057be0a (webtiles) character file.

Game seed: 10012476349115226194

17540 bmack86 the Cleaver (level 12, -8/106 HPs)
             Began as a Minotaur Fighter on Jan 31, 2023.
             Was a High Priest of Okawaru.
             Mangled by a death yak (9 damage)
             ... on level 1 of the Lair of Beasts.
             The game lasted 00:32:18 (13231 turns).

bmack86 the Cleaver (Minotaur Fighter)             Turns: 13231, Time: 00:32:19

Health: -8/106     AC: 23    Str: 31    XL:     12   Next: 19%
Magic:  22/25      EV:  5    Int:  5    God:    Okawaru [*****.]
Gold:   896        SH:  7    Dex:  8    Spells: 11/11 levels left

rFire   + . .      SeeInvis .    B - +3 war axe (flame)
rCold   x . .      Faith    .    c - +0 buckler
rNeg    . . .      Spirit   .    q - +5 chain mail {Will+}
rPois   .          Reflect  .    (helmet restricted)
rElec   .          Harm     .    e - +0 cloak
rCorr   .          Rampage  .    l - +0 pair of gloves
Will    +....                    n - +0 pair of boots Stlth
                                 (no amulet)
HPRegen 0.37/turn                u - ring of magical power
MPRegen 0.19/turn                C - ring "Ton Wusuly" {Fire +Blink Str+6 Dex-3}

@: heroic, finesse-ful, petrifying (expiring), very slow
A: horns 2, retaliatory headbutt
a: Renounce Religion, Evoke Blink, Heroism, Finesse, Duel


You were on level 1 of the Lair of Beasts.
You worshipped Okawaru.
Okawaru was extremely pleased with you.
You visited 3 branches of the dungeon, and saw 13 of its levels.

You collected 896 gold pieces.

Inventory:

Hand Weapons
 x - a +0 battleaxe
 B - a +3 war axe of flaming (weapon)
Missiles
 d - 5 boomerangs (quivered)
 g - 9 javelins
 j - 14 poisoned darts
 w - 3 curare-tipped darts
Armour
 c - a +0 buckler (worn)
 e - a +0 cloak (worn)
 l - a +0 pair of gloves (worn)
 n - a +0 pair of boots (worn)
 q - a +5 chain mail of willpower (worn)
 A - a +0 tower shield
Jewellery
 u - a ring of magical power (left hand)
 v - a ring of wizardry
 C - the ring "Ton Wusuly" (right hand) {Fire +Blink Str+6 Dex-3}
   (You found it on level 8 of the Dungeon)

   [ring of fire]

   It enhances your fire magic.
   Str:       It affects your strength (+6).
   Dex:       It affects your dexterity (-3).
   rF:        It protects you from fire.
   rC:        It makes you vulnerable to cold.
   +Blink:    It lets you blink.
Wands
 s - a wand of iceblast (7)
 z - a wand of acid (12)
 G - a wand of polymorph (9)
Scrolls
 a - a scroll of blinking
 b - 3 scrolls of amnesia
 k - 7 scrolls of teleportation
 o - 3 scrolls of torment
 p - 2 scrolls of fear
 r - a scroll of noise
 y - 3 scrolls of fog
 E - 3 scrolls of identify
 H - a scroll of silence {unknown}
 K - 2 scrolls of brand weapon
Potions
 f - 2 potions of ambrosia
 h - 3 potions of invisibility
 i - a potion of haste
 m - a potion of resistance
 t - 6 potions of curing
 D - a potion of heal wounds
 F - a potion of flight
 I - a potion of mutation
 J - 2 potions of brilliance
 L - a potion of might


   Skills:
 + Level 9.7(14.7) Fighting
 * Level 12.8(17.8) Axes
 + Level 7.1(12.1) Throwing
 + Level 9.7(14.7) Armour
 * Level 11.8(16.8) Shields
 + Level 6.7 Invocations


You had 11 spell levels left.
You didn't know any spells.
Your spell library contained the following spells:

 Spells                   Type           Power      Damage    Failure   Level
 Freeze                   Ice            0%         1d3       88%         1
 Slow                     Hex            0%         N/A       88%         1
 Ensorcelled Hibernation  Hex/Ice        0%         N/A       96%         2
 Lesser Beckoning         Tloc           0%         N/A       96%         2
 Passwall                 Tmut/Erth      0%         N/A       96%         2
 Sublimation of Blood     Necr           0%         N/A       96%         2
 Wereblood                Tmut           0%         N/A       96%         2
 Confusing Touch          Hex            0%         N/A       99%         3
 Frozen Ramparts          Ice            0%         1d1       99%         3
 Gell's Gravitas          Tloc           0%         N/A       99%         3
 Hailstorm                Conj/Ice       0%         3d3       99%         3
 Portal Projectile        Hex/Tloc       0%         N/A       99%         3
 Swiftness                Air            0%         N/A       99%         3
 Teleport Other           Tloc           0%         N/A       99%         3
 Vampiric Draining        Necr           0%         2d6       99%         3
 Ice Form                 Ice/Tmut       0%         N/A       100%        4
 Leda's Liquefaction      Hex/Erth       0%         N/A       100%        4
 Orb of Destruction       Conj           0%         9d5       100%        7
 Call Canine Familiar     Summ           Unusable   N/A       N/A         3
 Summon Guardian Golem    Hex/Summ       Unusable   N/A       N/A         3
 Summon Ice Beast         Ice/Summ       Unusable   N/A       N/A         4
 Spellforged Servitor     Conj/Summ      Unusable   N/A       N/A         7
 Summon Hydra             Summ           Unusable   N/A       N/A         7

Dungeon Overview and Level Annotations

Branches:
Dungeon (11/15)            Temple (1/1) D:4            Lair (1/5) D:11
    Orc (0/2) D:10

Altars:
Dithmenos
Elyvilon
Fedhas
Gozag
Kikubaaqudgha
Nemelex Xobeh
Okawaru
Qazlal
Ru
Sif Muna
Trog
Wu Jian
Zin
The Shining One

Portals:
Trove: D:11 (give 7 potions of haste)

Annotations:
D:3 3 runed translucent doors, AverageBear's ghost, amateur OpTm


Innate Abilities, Weirdness & Mutations

You have a pair of horns on your head.
You reflexively headbutt those who attack you in melee.


Message History

The death yak gores you but does no damage.
You are engulfed in calcifying dust.
The catoblepas breathes a plume of calcifying dust at you.
The blast of calcifying dust hits you but does no damage.
The death yak snorts and paws the ground.
The death yak completely misses you.
You are engulfed in calcifying dust.
The death yak gores you!
* * * LOW HITPOINT WARNING * * *
The catoblepas barely misses you.
The catoblepas breathes a plume of calcifying dust at you.
The blast of calcifying dust hits you but does no damage.
The death yak gores you but does no damage.
You turn to flesh and can move again.
You hit the catoblepas. You burn the catoblepas. You headbutt the catoblepas!
The catoblepas is almost dead.
You hit the death yak but do no damage.
You are engulfed in calcifying dust.
You are slowing down.
You completely miss the catoblepas.
You headbutt the catoblepas, but do no damage.
The catoblepas is almost dead.
You hit the death yak. You burn the death yak.
You are engulfed in calcifying dust.
You hit the catoblepas but do no damage.
The catoblepas is almost dead.
You hit the death yak. You burn the death yak.
You are engulfed in calcifying dust.
The catoblepas breathes a plume of calcifying dust at you.
The blast of calcifying dust hits you.
* * * LOW HITPOINT WARNING * * *
The death yak gores you but does no damage.
Unknown command.
You slash the catoblepas! You burn the catoblepas.
You kill the catoblepas!
Okawaru is honoured by your kill. Okawaru grants you a weapon!
Something appears at your feet!
You see here a +5 spear of freezing.
You hit the death yak. You burn the death yak.
You are engulfed in calcifying dust.
Your limbs have turned to stone.
The death yak gores you!
You die...

......# ..##..##
#...#.P# ##.##.##
#.##.# ##..#.# #####
#P....# ####...)#
##.##.# #.)#...####
#.#..#
#ยง@S#####.###
##.#..#
##Y..#....#.#
..#...#
#.k#.#.....#.##
##..###
#..##......#..#
#..#.####
#..#..~##..#.##
##.......#
#/##..###.....##
#..#.###.#######...#
#..#...# ##..##
#.....#
##..###.....##
#...P###.....##
P..##~..#..#


You could see a death yak, a black mamba and a rime drake.

Vanquished Creatures
  A catoblepas (Lair:1)
  A centaur warrior (D:11)
  2 two-headed ogres
  Urug (Lair:1)
  The ghost of Jackthecabe the Unseen, a novice VSBr of Uskayaw (D:8)
  The ghost of FallingFreak the Trooper, a novice OgWr of Elyvilon (D:7)
  An ugly thing (D:11)
  2 cyclopes (D:11)
  A black mamba (Lair:1)
  A gargoyle (D:11)
  Maggie (D:7)
  2 cane toads (Lair:1)
  An unseen horror (D:10)
  A kobold demonologist (D:10)
  2 komodo dragons (Lair:1)
  2 trolls (D:10)
  4 blink frogs (Lair:1)
  Sigmund (D:2)
  A vampire (D:10)
  A water elemental (D:11)
  13 yaks
  Eustachio (D:6)
  3 steam dragons
  Menkaure (D:5)
  An acid dragon (D:9)
  2 wargs (D:11)
  Duvessa (D:4)
  2 water moccasins
  6 orc warriors
  7 ice beasts
  A sky beast (D:8)
  5 wolves (Lair:1)
  4 ogres
  9 centaurs
  3 bullfrogs
  2 gnoll sergeants
  2 necrophages (D:4)
  5 scorpions
  29 killer bees
  Dowan (D:4)
  An electric eel (D:11)
  4 howler monkeys
  A wyvern simulacrum (D:8)
  3 hounds
  3 jellies
  4 orc priests
  9 orc wizards
  Natasha (D:4)
  An iguana (D:5)
  A centaur simulacrum (D:8)
  Robin (D:3)
  8 gnolls
  4 adders
  2 white imps (D:8)
  3 ufetubi
  3 worms
  3 dart slugs
  27 orcs
  8 ball pythons
  6 endoplasms
  4 giant cockroaches
  18 goblins
  16 hobgoblins
  A jackal (D:2)
  7 kobolds
  3 bats (D:2)
  2 frilled lizards
  9 rats
279 creatures vanquished.

Vanquished Creatures (others)
  A fungus (Lair:1)
  13 plants
14 creatures vanquished.

Grand Total: 293 creatures vanquished

Notes
Turn   | Place    | Note
-------+----------+-------------------------------------------
     0 | D:1      | bmack86 the Minotaur Fighter began the quest for the Orb.
     0 | D:1      | Reached XP level 1. HP: 19/19 MP: 0/0
   139 | D:1      | Reached skill level 3 in Axes
   139 | D:1      | Reached XP level 2. HP: 24/27 MP: 1/1
   566 | D:1      | Reached XP level 3. HP: 25/33 MP: 2/2
   867 | D:2      | Noticed Sigmund
   884 | D:2      | Killed Sigmund
   885 | D:2      | Reached skill level 4 in Axes
   885 | D:2      | Reached skill level 1 in Throwing
   885 | D:2      | Reached XP level 4. HP: 18/41 MP: 3/3
   885 | D:2      | Reached XP level 5. HP: 20/47 MP: 4/4
  1557 | D:3      | Reached skill level 5 in Axes
  1557 | D:3      | Reached XP level 6. HP: 42/53 MP: 5/5
  1638 | D:3      | Noticed Robin
  1649 | D:3      | Killed Robin
  1702 | D:3      | Found a runed translucent gate.
  1703 | D:3      | Found a runed translucent gate.
  1704 | D:3      | Found a runed translucent gate.
  1706 | D:3      | Noticed AverageBear's ghost (amateur OpTm)
  2042 | D:3      | Found an ornate altar of the Wu Jian Council.
  2462 | D:4      | Found a staircase to the Ecumenical Temple.
  2468 | Temple   | Entered the Ecumenical Temple
  2501 | Temple   | Became a worshipper of Warmaster Okawaru
  2532 | D:4      | Noticed Duvessa
  2532 | D:4      | Noticed Dowan
  2550 | D:4      | HP: 1/53 [Duvessa/+0 short sword (9)]
  2555 | D:4      | Killed Duvessa
  2556 | D:4      | Reached skill level 5 in Armour
  2556 | D:4      | Reached skill level 5 in Shields
  2556 | D:4      | Killed Dowan
  2640 | D:4      | Reached skill level 5 in Fighting
  2781 | D:4      | Reached XP level 7. HP: 56/61 MP: 6/6
  3082 | D:4      | Reached skill level 6 in Axes
  3298 | D:4      | Noticed Natasha
  3303 | D:4      | Killed Natasha
  3304 | D:4      | Reached skill level 1 in Invocations
  3323 | D:4      | Reached * piety under Okawaru
  3416 | D:5      | Entered Level 5 of the Dungeon
  3734 | D:5      | Found an opulent altar of Gozag.
  3796 | D:5      | Reached XP level 8. HP: 68/69 MP: 8/8
  4132 | D:5      | Noticed Menkaure
  4144 | D:5      | Killed Menkaure
  4259 | D:5      | Reached skill level 7 in Axes
  4560 | D:5      | Identified the +4 spear of Oficroca {heavy, *Slow rF+ Will+
                  | Str+6}
  4843 | D:6      | Reached ** piety under Okawaru
  4869 | D:6      | Identified the +1 scale mail "Itemisaxa" {rElec rF- Int+5}
  5116 | D:6      | Noticed Eustachio
  5134 | D:6      | Killed Eustachio
  5293 | D:6      | Reached skill level 8 in Axes
  5719 | D:7      | Reached XP level 9. HP: 26/78 MP: 10/10
  5905 | D:7      | Reached *** piety under Okawaru
  6004 | D:7      | Noticed Maggie
  6020 | D:7      | Killed Maggie
  6358 | D:7      | Reached skill level 9 in Axes
  6534 | D:7      | Found a shadowy altar of Dithmenos.
  6605 | D:7      | Identified the +4 ring mail of Amorality {rPois rCorr
                  | Dex-5}
  6802 | D:7      | Received a gift from Okawaru
  6859 | D:7      | Reached **** piety under Okawaru
  6961 | D:7      | Found a large runed translucent door.
  6961 | D:7      | Found a large runed translucent door.
  6997 | D:7      | Noticed FallingFreak's ghost (novice OgWr)
  7013 | D:7      | Killed FallingFreak's ghost
  7014 | D:7      | Reached skill level 5 in Throwing
  7212 | D:8      | Reached XP level 10. HP: 63/86 MP: 12/12
  7420 | D:8      | Found a runed translucent gate.
  7420 | D:8      | Found a runed translucent gate.
  7420 | D:8      | Found a runed translucent gate.
  7538 | D:8      | Noticed a two-headed ogre
  7543 | D:8      | Killed a two-headed ogre
  7544 | D:8      | Reached skill level 10 in Axes
  8010 | D:8      | Noticed Jackthecabe's ghost (novice VSBr)
  8041 | D:8      | Killed Jackthecabe's ghost
  8042 | D:8      | Reached skill level 5 in Invocations
  8089 | D:8      | Got the ring "Ton Wusuly" {Fire +Blink Str+6 Dex-3}
  9020 | D:9      | Reached skill level 11 in Axes
  9311 | D:9      | Reached XP level 11. HP: 92/95 MP: 14/14
  9675 | D:10     | Entered Level 10 of the Dungeon
  9755 | D:10     | Found a staircase to the Orcish Mines.
  9797 | D:10     | Reached skill level 10 in Shields
  9910 | D:10     | Received a gift from Okawaru
  9942 | D:10     | Found a glowing golden altar of the Shining One.
 10660 | D:10     | Reached ***** piety under Okawaru
 10905 | D:11     | Noticed a two-headed ogre
 10910 | D:11     | Killed a two-headed ogre
 10918 | D:11     | Noticed a centaur warrior
 11100 | D:11     | Killed a centaur warrior
 11401 | D:11     | Found a staircase to the Lair.
 11410 | D:11     | Reached skill level 12 in Axes
 11497 | D:11     | Found a portal to a secret trove of treasure.
 11720 | D:11     | Noticed a brown ugly thing
 11729 | D:11     | Killed a brown ugly thing
 12145 | Lair:1   | Entered Level 1 of the Lair of Beasts
 12302 | Lair:1   | Noticed Urug
 12318 | Lair:1   | Killed Urug
 12527 | Lair:1   | Received a gift from Okawaru
 12736 | Lair:1   | Reached XP level 12. HP: 99/105 MP: 15/15
 13014 | Lair:1   | Reached ****** piety under Okawaru
 13199 | Lair:1   | Noticed a death yak
 13199 | Lair:1   | Noticed a catoblepas
 13226 | Lair:1   | HP: 3/106 [death yak (8)]
 13230 | Lair:1   | HP: 1/106 [catoblepas/blast of calcifying dust (3)]
 13231 | Lair:1   | Killed a catoblepas
 13231 | Lair:1   | Received a gift from Okawaru
 13231 | Lair:1   | Mangled by a death yak

Illustrated notes

Levels and vault maps discovered:
D:1:      nicolae_arrival_somewhat_less_tricky_arrival, layout_basic,
          st_stairs_12, dk_noncrumbling_3, nicolae_grassy_gnolls
D:2:      kb_forest_paths, layout_rooms, basic_altar, uniq_sigmund, uniq_terence
D:3:      wad_lake_hut, layout_loops_ring, mainiacjoe_overflow_small_starburst,
          gammafunk_ghost_necromancy, uniq_robin
D:4:      layout_basic, temple_green, enter_ossuary_5,
          minmay_goblin_kobold_house, uniq_duvessa, uniq_natasha
D:5:      layout_layer_cave, mainiacjoe_overflow_surrounded_room, uniq_menkaure
D:6:      layout_loops_ring, uniq_eustachio
D:7:      layout_basic, nicolae_dithmenos_shadow_blocks,
          ebering_ghost_disaster_area, uniq_maggie
D:8:      layout_loops_ring, gammafunk_ghost_icy
D:9:      layout_basic
D:10:     layout_long_grid, marbit_many_paths, orc_0_dummy
D:11:     layout_basic, erik_lair_orcish_takeover, enter_trove_1
Temple:   regret_index_temple_mists
Lair:1:   layout_loops_ring, hangedman_lair_generics_rect, serial_bayou_shore_b,
          uniq_urug

Skill      XL: |  1  2  3  4  5  6  7  8  9 10 11 12 |
---------------+-------------------------------------+-----
Axes           | 3 4 5 6 8 9 11 12 | 12.8
Shields        | 4 5 6 8 9 11 | 11.8
Fighting       | 4 5 6 7 8 9 |  9.7
Armour         | 4 5 6 7 8 9 |  9.7
Throwing       | 1 2 3 4 5 6 7 |  7.1
Invocations    | 1 3 4 5 6 |  6.7

Action                     |  1- 3 |  4- 6 |  7- 9 | 10-12 || total
---------------------------+-------+-------+-------+-------++-------
  Melee: War axe           |    70 |   110 |   264 |   363 ||   807
         Headbutt          |    10 |     8 |    47 |    56 ||   121
  Throw: Dart              |       |     3 |    30 |    19 ||    52
         Boomerang         |       |       |       |    16 ||    16
 Invoke: Heroism           |       |       |     3 |     8 ||    11
         Finesse           |       |       |       |     2 ||     2
    Use: Scroll            |     4 |     6 |    10 |     7 ||    27
         Potion            |       |     2 |     1 |     2 ||     5
 Armour: Scale mail        |    42 |    55 |     8 |       ||   105
         Chain mail        |       |       |   168 |   351 ||   519
  Dodge: Dodged            |    45 |    41 |   119 |   201 ||   406
  Block: Buckler           |    16 |    23 |    85 |   159 ||   283

Table legend: (Time is in decaauts)
 A = Elapsed time spent in this place.
 B = Non-inter-level travel time spent in this place.
 C = Inter-level travel time spent in this place.
 D = Time resting spent in this place.
 E = Time spent auto-exploring this place.
 F = Levels seen in this place.
 G = Mean time per level.
                   A        B        C        D        E       F      G
               +--------+--------+--------+--------+--------+-----+--------+
         Total |  13340 |  12935 |    405 |    674 |   8745 |  13 | 1026.2 |
       Dungeon |  12190 |  11785 |    405 |    674 |   7869 |  11 | 1108.2 |
        Temple |     75 |     75 |      0 |      0 |     20 |   1 |   75.0 |
          Lair |   1074 |   1074 |      0 |      0 |    856 |   1 | 1074.0 |
               +--------+--------+--------+--------+--------+-----+--------+

Top non-repeatable levels by time:
     D:5: 1423 daAuts
     D:9: 1407 daAuts
     D:7: 1353 daAuts
    D:11: 1292 daAuts
     D:8: 1202 daAuts
    D:10: 1168 daAuts
     D:3: 1080 daAuts
  Lair:1: 1074 daAuts
     D:4: 1045 daAuts
     D:6: 869 daAuts
     D:1: 692 daAuts
     D:2: 656 daAuts
  Temple: 75 daAuts
